 Dungeon Crawl Stone Soup version 0.24.1-8-ga250c9d538 (webtiles) character file.

Game seed: 7556614841964404937, levelgen mode: deterministic

2078 Hugehornet the Changer (level 9, -3/63 HPs)
             Began as an Octopode Transmuter on May 9, 2020.
             Was a Follower of Cheibriados.
             Slain by a chaos spawn (11 damage)
             ... on level 8 of the Dungeon.
             The game lasted 00:19:39 (9763 turns).

Hugehornet the Changer (Octopode Transmuter)        Turns: 9763, Time: 00:19:41

Health: -3/63      AC:  8    Str: 12    XL:     9   Next: 26%
Magic:  3/15       EV: 13    Int: 25    God:    Cheibriados [*.....]
Gold:   301        SH:  0    Dex: 14    Spells: 2/17 levels left

rFire    x . .     SeeInvis +     - Unarmed
rCold    + + +     Gourm    .   (shield currently unavailable)
rNeg     . . .     Faith    .   (helmet currently unavailable)
rPois    +         Spirit   .   v - amulet of rage
rElec    .         Reflect  .   y - ring of see invisible
rCorr    .         Harm     .   (no ring)
MR       .....                  (no ring)
Stlth    +.........             (no ring)
HPRegen  0.20/turn              (no ring)
MPRegen  0.14/turn              (no ring)
                                (no ring)
                                (no ring)

@: brilliant, ice-form, very slightly contaminated, slowed, invisible, very slow
A: large, almost no armour, stealthy swim, amphibious, 8 rings, (constrict 8),
repulsion field 2
a: End Transformation, Bend Time, Renounce Religion, Evoke Berserk Rage


You were on level 8 of the Dungeon.
You worshipped Cheibriados.
Cheibriados was aware of your devotion.
You were not hungry.
You were a creature of crystalline ice.
You visited 2 branches of the dungeon, and saw 9 of its levels.

You collected 509 gold pieces.
You spent 208 gold pieces at shops.

Inventory:

Missiles
 a - 204 arrows
Jewellery
 n - an uncursed ring of fire
 v - an amulet of rage (around neck)
 y - a ring of see invisible (left front paw)
Wands
 o - a wand of disintegration (8)
 p - a wand of iceblast (15)
 r - a wand of enslavement (7)
 z - a wand of flame (17)
Scrolls
 b - 4 scrolls of identify
 f - a scroll of fear {unknown}
 i - 3 scrolls of magic mapping {unknown}
 j - 4 scrolls of teleportation
 k - 2 scrolls of blinking {unknown}
 l - a scroll of noise {unknown}
 q - 3 scrolls of amnesia {unknown}
 s - a scroll of enchant armour {unknown}
 t - a scroll of remove curse {unknown}
 u - 5 scrolls of enchant weapon {unknown}
 w - a scroll of random uselessness {unknown}
Potions
 d - 3 potions of magic
 g - 5 potions of curing
 h - 2 potions of degeneration
 m - a potion of lignification
 x - a potion of agility {unknown}
 A - a potion of ambrosia {unknown}
Comestibles
 c - 13 rations


   Skills:
 - Level 1.0 Fighting
 - Level 2.0 Dodging
 - Level 5.4 Unarmed Combat
 + Level 4.6 Spellcasting
 * Level 2.6 Conjurations
 - Level 1.2 Translocations
 - Level 6.0 Transmutations
 * Level 5.4 Ice Magic
 * Level 2.6 Air Magic
 - Level 3.6 Poison Magic
 + Level 1.9 Invocations


You had 2 spell levels left.
You knew the following spells:

 Your Spells              Type           Power        Failure   Level  Hunger
a - Beastly Appendage     Tmut           ######       1%          1    None
b - Sticks to Snakes      Tmut           ######..     1%          2    None
c - Spider Form           Tmut/Pois      #####.....   1%          3    ##.....
d - Ice Form              Ice/Tmut       #####...     1%          4    ####...
e - Blink                 Tloc           N/A          1%          2    None
f - Mephitic Cloud        Conj/Pois/Air  #####...     1%          3    ##.....

Your spell library contained the following spells:

 Spells                   Type           Power        Failure   Level  Hunger
 Magic Dart               Conj           ####         1%          1    None
 Call Imp                 Summ           ###.....     1%          2    None
 Slow                     Hex            ###.....     1%          2    None
 Conjure Flame            Conj/Fire      ####....     1%          3    ##.....
 Blade Hands              Tmut           ######....   2%          5    #####..


Dungeon Overview and Level Annotations

Branches:
Dungeon (8/15)             Temple (1/1) D:6
   Lair: D:8-11

Altars:
Ashenzari
Cheibriados
Dithmenos
Elyvilon
Fedhas
Gozag
Kikubaaqudgha
Makhleb
Nemelex Xobeh
Okawaru
Ru
Trog
Uskayaw
Vehumet
Wu Jian
Xom
Yredelemnul
Zin
The Shining One

Shops:
D:4 (   D:6 }   D:7 *

Annotations:
D:7 exclusion: 3 electric eels


Innate Abilities, Weirdness & Mutations

You cannot wear most types of armour.
You are very stealthy in the water. (Stealth+)
You are amphibious.
You can wear up to eight rings at the same time.
((You can use your tentacles to constrict eight enemies at once.))
((Your skin changes colour to match your surroundings (Stealth+).))
((Your rubbery body absorbs attacks. (AC +1, EV +1)))
((One of your tentacles bears a spike.))
You are surrounded by a moderate repulsion field. (EV +3)


Message History

The chaos spawn is severely wounded.
Your ball python bites the chaos spawn but does no damage.
The chaos spawn barely misses your ball python.
Your ball python bites the chaos spawn but does no damage.
Unknown command.
You barely miss the chaos spawn.
The chaos spawn is severely wounded.
Your ball python bites the chaos spawn but does no damage.
The chaos spawn hits you!
* * * LOW HITPOINT WARNING * * *
You feel yourself slow down.
Your ball python barely misses the chaos spawn.
You hit the chaos spawn. You freeze the chaos spawn.
You kill the chaos spawn!
Cheibriados thoroughly appreciates the change of pace.
Cheibriados is now slowing and strengthening your metabolism.
Cheibriados raises the support of your attributes as your movement slows.
The chaos spawn degenerates into a cloud of primal chaos!
The chaos spawn gores you!
You die...

* ######### ,,* #....... #......
#.# # ######## ##..≈⌠⌠# #.# ..
#...... ...⌠#⌠ . #.# , ...
#.....# #...##♣.8 #.#
,....#.....# #...+⌠#∩. #.# ,
..........# #.⌠>.)._♣ #.# *,
.......Y..# ##.∩...⌠8. #.#####
,......SS4.#####.....♣⌠.⌠
......+............+.44......+ 4.
#######............#.####...(....
#######......≈.....#.####.......$
......+.........................>
#######...........##..######.###.
......+..........†....# #.# .
#######...............## #.#


You could see a chaos spawn and 2 friendly ball pythons.

Vanquished Creatures
  A chaos spawn (D:8)
  A hungry ghost (D:7)
  Menkaure (D:7)
  An orc warrior (D:7)
  A sky beast (D:7)
  An ice beast (D:6)
  An ogre (D:4)
  A phantom (D:6)
  A centaur (D:2)
  3 bullfrogs
  A water moccasin zombie (D:6)
  A scorpion (D:8)
  2 jellies
  A howler monkey (D:5)
  2 crimson imps
  3 orc priests (D:4)
  3 orc wizards
  A bullfrog skeleton (D:6)
  3 iguanas
  A centaur skeleton (D:6)
  3 worker ants
  Terence (D:2)
  A killer bee zombie (D:7)
  A hound skeleton (D:7)
  4 gnolls (D:4)
  5 adders
  3 shadow imps
  2 oozes
  An adder zombie (D:5)
  An adder skeleton (D:7)
  2 worms (D:2)
  2 dart slugs
  2 leopard geckos
  20 orcs
  4 ball pythons
  8 bats
  7 giant cockroaches
  9 goblins
  10 hobgoblins
  10 jackals
  8 kobolds
  2 quokkas (D:5)
  6 frilled lizards
  A giant cockroach zombie (D:5)
  A jackal skeleton (D:4)
  9 rats
153 creatures vanquished.

Vanquished Creatures (collateral kills)
  A jelly (D:6)
  A howler monkey skeleton (D:5)
2 creatures vanquished.

Vanquished Creatures (others)
  An orc (D:5)
  5 toadstools (D:1)
6 creatures vanquished.

Grand Total: 161 creatures vanquished

Notes
Turn   | Place    | Note
-------+----------+-------------------------------------------
     0 | D:1      | Hugehornet the Octopode Transmuter began the quest for the
                  | Orb.
     0 | D:1      | Reached XP level 1. HP: 13/13 MP: 3/3
   285 | D:1      | Reached XP level 2. HP: 6/18 MP: 1/5
   539 | D:1      | Learned a level 2 spell: Sticks to Snakes
  1130 | D:2      | Reached skill level 3 in Transmutations
  1164 | D:2      | Reached XP level 3. HP: 16/23 MP: 4/6
  1170 | D:2      | HP: 1/23 [hobgoblin (3)]
  1176 | D:2      | Learned a level 3 spell: Spider Form
  1638 | D:2      | Found an ancient bone altar of Kikubaaqudgha.
  1645 | D:2      | Reached skill level 1 in Poison Magic
  1747 | D:2      | Noticed Terence
  1756 | D:2      | Killed Terence
  1756 | D:2      | Reached XP level 4. HP: 21/28 MP: 1/8
  2091 | D:2      | Found a sacrificial altar of Ru.
  2426 | D:2      | Noticed a centaur
  2435 | D:2      | Killed a centaur
  2435 | D:2      | Reached XP level 5. HP: 23/33 MP: 5/9
  2630 | D:2      | Learned a level 4 spell: Ice Form
  3379 | D:3      | Reached skill level 1 in Ice Magic
  3379 | D:3      | Reached XP level 6. HP: 32/38 MP: 8/10
  4110 | D:4      | Reached skill level 4 in Transmutations
  4110 | D:4      | Reached XP level 7. HP: 22/43 MP: 8/12
  4845 | D:4      | Found a blossoming altar of Fedhas.
  4901 | D:4      | Found Topy's Antique Weapon Emporium.
  5203 | D:4      | Found a glowing golden altar of the Shining One.
  5203 | D:4      | Found a white marble altar of Elyvilon.
  5203 | D:4      | Found a glowing silver altar of Zin.
  5345 | D:5      | Entered Level 5 of the Dungeon
  5627 | D:5      | Learned a level 2 spell: Blink
  6344 | D:5      | Reached skill level 1 in Translocations
  6344 | D:5      | Reached XP level 8. HP: 44/48 MP: 13/13
  6847 | D:5      | Found a bloodstained altar of Trog.
  6947 | D:6      | Reached skill level 5 in Transmutations
  7125 | D:6      | Found an iron altar of Okawaru.
  7249 | D:6      | Reached skill level 5 in Unarmed Combat
  7325 | D:6      | Found Xoppyre's Gadget Boutique.
  7354 | D:6      | Found a staircase to the Ecumenical Temple.
  7363 | Temple   | Entered the Ecumenical Temple
  7383 | Temple   | Became a worshipper of Cheibriados the Contemplative
  7780 | D:6      | Found a bloodstained altar of Trog.
  7823 | D:6      | Learned a level 3 spell: Mephitic Cloud
  8090 | D:7      | Found Vakhlich's General Store.
  8125 | D:7      | Bought a potion of curing for 39 gold pieces
  8125 | D:7      | Bought a potion of curing for 39 gold pieces
  8125 | D:7      | Bought a potion of heal wounds for 65 gold pieces
  8125 | D:7      | Bought a potion of heal wounds for 65 gold pieces
  8128 | D:7      | Gained mutation: You expend magic power (3 MP) to
                  | strengthen your wands. [potion of mutation]
  8128 | D:7      | Gained mutation: You tend to lose your temper in combat.
                  | [potion of mutation]
  8128 | D:7      | Gained mutation: Potions are less effective at restoring
                  | your health. [potion of mutation]
  8128 | D:7      | Gained mutation: You are surrounded by a mild repulsion
                  | field. (EV +2) [potion of mutation]
  8130 | D:7      | Lost mutation: You tend to lose your temper in combat.
                  | [potion of mutation]
  8130 | D:7      | Lost mutation: Potions are less effective at restoring your
                  | health. [potion of mutation]
  8130 | D:7      | Lost mutation: You expend magic power (3 MP) to strengthen
                  | your wands. [potion of mutation]
  8130 | D:7      | Gained mutation: You are robust. (+10% HP) [potion of
                  | mutation]
  8130 | D:7      | Gained mutation: You are agile. (Dex +2) [potion of
                  | mutation]
  8130 | D:7      | Gained mutation: You passively map a small area around you.
                  | [potion of mutation]
  8130 | D:7      | Gained mutation: Your mind is acute. (Int +2) [potion of
                  | mutation]
  8193 | D:7      | Noticed Menkaure
  8202 | D:7      | Killed Menkaure
  8202 | D:7      | Reached skill level 1 in Conjurations
  8303 | D:7      | Reached skill level 1 in Air Magic
  8505 | D:7      | Reached skill level 1 in Invocations
  8698 | D:7      | Reached skill level 6 in Transmutations
  8698 | D:7      | Reached skill level 5 in Ice Magic
  8698 | D:7      | Reached XP level 9. HP: 25/58 MP: 12/15
  8948 | D:7      | Found a hide-covered altar of Uskayaw.
  9646 | D:8      | Lost mutation: You passively map a small area around you.
                  | [potion of mutation]
  9646 | D:8      | Lost mutation: You are agile. (Dex +2) [potion of mutation]
  9646 | D:8      | Gained mutation: You are surrounded by a moderate repulsion
                  | field. (EV +3) [potion of mutation]
  9646 | D:8      | Lost mutation: Your mind is acute. (Int +2) [potion of
                  | mutation]
  9646 | D:8      | Lost mutation: You are robust. (+10% HP) [potion of
                  | mutation]
  9646 | D:8      | Gained mutation: One of your tentacles bears a spike.
                  | [potion of mutation]
  9703 | D:8      | Found the +7 mace of Variability {chain chaos}
  9704 | D:8      | Found a shimmering altar of Xom.
  9763 | D:8      | Reached * piety under Cheibriados
  9763 | D:8      | Slain by a chaos spawn

Levels and vault maps discovered:
D:1:      ldierk_walled_garden, layout_loops_ring
D:2:      minmay_razor_zed, layout_basic, nicolae_ru_awakened_eye,
          nicolae_overflow_crystal_walls, uniq_terence
D:3:      layout_loops_cross, corexii_corridor_pit, chequers_jeans
D:4:      layout_loops_ring, good_gods_mini_temple, fedhas_ov_isle_minmay,
          serial_glass, glass_columns_c, glass_columns_b, glass_columns_b,
          glass_columns_a, glass_columns_a, glass_columns_b, glass_columns_c,
          glass_columns_b, serial_shops, nicolae_shop_waterfront
D:5:      layout_basic, lightli_temple_of_fire, first_ration,
          kennysheep_generic_room_13
D:6:      layout_basic, kennysheep_okawaru_gauntlet,
          minmay_temple_entry_enclosed_plants, serial_shops, shop,
          trog_three_pillars_becter
D:7:      layout_cave_pods, basic_altar, serial_shops, shop_coins,
          kennysheep_another_room, serial_bayou_lake_a, uniq_menkaure
D:8:      layout_basic, old_standard_altar, kennysheep_little_box,
          hangedman_little_slice_of_home, minmay_guarded_unrand_variability
Temple:   minmay_temple_bridge_abc

Skill      XL: |  1  2  3  4  5  6  7  8  9 |
---------------+----------------------------+-----
Transmutations | 3 4 6 |  6.0
Poison Magic   | 1 3 |  3.6
Spellcasting   | 3 4 |  4.6
Unarmed Combat | 4 5 |  5.4
Ice Magic      | 1 2 3 5 |  5.4
Translocations | 1 |  1.2
Conjurations   | 1 2 |  2.6
Air Magic      | 1 2 |  2.6
Invocations    | 1 |  1.9
Fighting       | |  1.0
Dodging        | |  2.0

Action                   |  1- 3 |  4- 6 |  7- 9 || total
-------------------------+-------+-------+-------++-------
Melee: Unarmed           |    63 |   123 |   264 ||   450
       Tentacles         |    13 |    17 |    33 ||    63
       Constrict         |    16 |    33 |    48 ||    97
       Kick              |    10 |    26 |    65 ||   101
       Punch             |       |     1 |    10 ||    11
 Cast: Beastly Appendage |    16 |    24 |    43 ||    83
       Spider Form       |     1 |     2 |     2 ||     5
       Sticks to Snakes  |       |       |    14 ||    14
       Mephitic Cloud    |       |       |     1 ||     1
       Ice Form          |       |       |     1 ||     1
  Use: Potion            |       |     2 |     6 ||     8
       Scroll            |       |       |     5 ||     5
 Stab: Sleeping          |     7 |    10 |     1 ||    18
       Distracted        |       |       |     1 ||     1
       Confused          |       |       |     1 ||     1
  Eat: Chunk             |     3 |     8 |    10 ||    21
       Ration            |       |       |     3 ||     3
Armor: Skin              |     5 |    14 |    12 ||    31
Dodge: Dodged            |    37 |    85 |   182 ||   304
